 Dungeon Crawl Stone Soup version 0.31-a0-632-g766dd24fdf (webtiles) character file.

Game seed: 4806613676584317712

65 LustLizard the Gusty (level 3, -2/20 HPs)
             Began as a Deep Elf Air Elementalist on Aug 26, 2023.
             Hit by a stone thrown by a gnoll (6 damage)
             ... on level 2 of the Dungeon.
             The game lasted 00:03:04 (2146 turns).

LustLizard the Gusty (Deep Elf Air Elementalist)    Turns: 2146, Time: 00:03:04

Health: -2/20      AC:  2    Str:  7    XL:     3   Next: 92%
Magic:  1/10       EV: 12    Int: 19    God:
Gold:   37         SH:  0    Dex: 15    Spells: 3/9 levels left

rFire   . . .        (no weapon)
rCold   . . .        (no shield)
rNeg    . . .        a - +0 robe
rPois   .            (no helmet)
rElec   .            (no cloak)
rCorr   .            (no gloves)
SInv    .            (no boots)
Will    .....        (no amulet)
Stlth   ++           c - ring of flight
HPRegen 0.23/turn    (no ring)
MPRegen 0.12/turn

%: no passive effects
@: lethally poisoned (-2 -> -4), flying, very slightly contaminated
A: no striking features
a: no special abilities


You were on level 2 of the Dungeon.
You visited 1 branch of the dungeon, and saw 2 of its levels.

You collected 37 gold pieces.

Inventory:

Armour
 a - a +0 robe (worn)
 g - a +0 buckler
Jewellery
 c - a ring of flight (left hand)
Potions
 b - a potion of magic
 d - a potion of might {unknown}
 e - a potion of enlightenment {unknown}
 f - a potion of heal wounds {unknown}


   Skills:
 + Level 1.0 Fighting
 - Level 2.4 Dodging
 + Level 3.2 Stealth
 + Level 3.7 Spellcasting
 - Level 1.1 Conjurations
 * Level 3.8 Air Magic


You had 3 spell levels left.
You knew the following spells:

 Your Spells              Type           Power      Damage    Failure   Level
a - Shock                 Conj/Air       48%        1d6       4%          1
b - Static Discharge      Conj/Air       24%        2-3/arc   8%          2
c - Swiftness             Air            18%        N/A       9%          3

Your spell library contained the following spells:

 Spells                   Type           Power      Damage    Failure   Level
 Gell's Gravitas          Tloc           3%         N/A       38%         3
 Teleport Other           Tloc           3%         N/A       38%         3
 Airstrike                Air            9%         2d(2-18)  28%         4
 Dispersal                Tloc           1%         N/A       100%        6


Dungeon Overview and Level Annotations

Branches:
Dungeon (2/15)

Altars:


Message History

Unknown command.
Casting: Static Discharge (safe; 8% risk of failure)
Confirm with . or Enter, or press ? or * to list all spells.
You don't have enough magic to cast this spell.
Unknown command.
Aiming: Shock (safe; 5% risk of failure)
Press: ? - help, Q - select action, (/) - cycle Shift-Dir - straight line, f/p - gnoll
Aim: a gnoll, wielding a +0 club and quivering stones (severely wounded, 72% to hit)
Okay, then.
Aiming: Shock (safe; 5% risk of failure)
Press: ? - help, Q - select action, (/) - cycle Shift-Dir - straight line, f - adder, p - gnoll
Aim: an adder (heavily wounded, 48% to hit)
The zap misses the adder.
The adder completely misses you. The adder closely misses you.
The gnoll closely misses you. The gnoll attacks as it pursues you!
The gnoll hits you with a +0 club. The adder attacks as it pursues you!
The adder completely misses you. The gnoll hits you with a +0 club.
The adder attacks as it pursues you! The adder closely misses you.
There is a stone staircase leading up here.
Aiming: Shock (safe; 5% risk of failure)
Press: ? - help, Q - select action, (/) - cycle Shift-Dir - straight line, f/p - adder
Aim: an adder (heavily wounded, 48% to hit)
Okay, then.
The adder closely misses you. The adder attacks as it pursues you!
The adder bites you.
You are poisoned.
The adder poisons you!
Aiming: Shock (safe; 5% risk of failure)
Press: ? - help, Q - select action, (/) - cycle Shift-Dir - straight line, f/p - adder
Aim: an adder (heavily wounded, 48% to hit)
The zap hits the adder.
You kill the adder!
The zap hits the gnoll but does no damage.
The gnoll is heavily wounded.
You feel sick.
You feel sick.
You feel sick.
You feel sick.
The gnoll throws a stone.
The stone hits you.
You die...

#..# #.........#.......#...#.####
#..########.#..#.#.##............
#...........#..#.#.#.......#..###
.......####.#..#.#............#
#..#.#.# #.#..#.###...<.#.##.#
#......####.####.#####.....##.#
##.#......<...##.#.g.....####.#
.....#.######.##.#.##########.#
###.............@.)...........#
####.######....#.##..######## #.#
######.##......#
#.###########.###.###.#
#.................###.#
#############.........#
#.######### ###


You could see a gnoll.

Vanquished Creatures
  2 gnolls (D:2)
  An adder (D:2)
  2 dart slugs
  3 endoplasms (D:1)
  2 hobgoblins
  4 jackals (D:1)
  2 quokkas (D:1)
  5 ball pythons (D:1)
  4 bats (D:1)
  A frilled lizard (D:1)
  4 goblins
  A kobold (D:1)
  A rat (D:2)
32 creatures vanquished.

Notes
Turn   | Place    | Note
-------+----------+-------------------------------------------
     0 | D:1      | LustLizard the Deep Elf Air Elementalist began the quest
                  | for the Orb.
     0 | D:1      | Reached XP level 1. HP: 10/10 MP: 6/6
   437 | D:1      | Reached XP level 2. HP: 12/16 MP: 0/8
  1528 | D:1      | Reached XP level 3. HP: 20/20 MP: 2/9
  1984 | D:2      | Learned a level 2 spell: Static Discharge
  1988 | D:2      | Learned a level 3 spell: Swiftness
  2011 | D:2      | Reached skill level 1 in Fighting
  2146 | D:2      | Hit by a stone thrown by a gnoll

Illustrated notes

Levels and vault maps discovered:
D:1:      saegor_arrival_fortress, layout_basic, serial_co_window_serial,
          co_window_paths_a, co_window_paths_a, co_window_of_opportunity_a,
          co_window_of_opportunity_a, co_window_paths_a,
          co_window_of_opportunity_c, co_window_corner_ca, co_window_cross_2,
          co_window_cross_3, co_window_corner_ca, co_window_unsneaky_path_e,
          co_window_4corner_a, co_window_4corner_b, glass_columns_c,
          glass_columns_b, glass_columns_c
D:2:      layout_basic, serial_bayou_ford_a, chequers_serial_rivers_room_a

Skill      XL: |  1  2  3 |
---------------+----------+-----
Stealth        | 3 |  3.2
Fighting       | 1 |  1.0
Dodging        | |  2.4
Spellcasting   | |  3.7
Conjurations   | |  1.1
Air Magic      | |  3.8

Action                     || total
---------------------------++-------
  Melee: Unarmed           ||     1
   Cast: Shock             ||    95
 Armour: Robe              ||     7
  Dodge: Dodged            ||    35

Table legend: (Time is in decaauts)
 A = Elapsed time spent in this place.
 B = Non-inter-level travel time spent in this place.
 C = Inter-level travel time spent in this place.
 D = Time resting spent in this place.
 E = Time spent auto-exploring this place.
 F = Levels seen in this place.
 G = Mean time per level.
                   A        B        C        D        E       F      G
               +--------+--------+--------+--------+--------+-----+--------+
         Total |   2145 |   2097 |     48 |      4 |   1825 |   2 | 1072.5 |
       Dungeon |   2145 |   2097 |     48 |      4 |   1825 |   2 | 1072.5 |
               +--------+--------+--------+--------+--------+-----+--------+

Top non-repeatable levels by time:
     D:1: 1752 daAuts
     D:2: 392 daAuts
